 Dungeon Crawl Stone Soup version 0.28-a0-664-gc179e30c89 (webtiles) character file.

Game seed: 14303644912408509724

67 Demosthentine the Poker (level 4, 0/52 HPs)
             Began as a Merfolk Gladiator on Oct 15, 2021.
             Slain by a goblin (4 damage)
             ... led by Robin
             ... on level 2 of the Dungeon.
             The game lasted 00:01:30 (1883 turns).

Demosthentine the Poker (Merfolk Gladiator)         Turns: 1883, Time: 00:01:31

Health: 0/52       AC: 22    Str: 15    XL:     4   Next: 16%
Magic:  4/4        EV:  2    Int:  7    God:
Gold:   270        SH:  0    Dex: 15    Spells: 3/3 levels left

rFire   . . .      SeeInvis .   a - +0 trident
rCold   . . .      Faith    .   (no shield)
rNeg    . . .      Spirit   .   (armour currently unavailable)
rPois   +          Reflect  .   (helmet currently unavailable)
rElec   .          Harm     .   (cloak currently unavailable)
rCorr   .          Rampage  .   (gloves currently unavailable)
Will    .....      NoTele   +   (boots currently unavailable)
Stlth   +.........              (no amulet)
HPRegen 0.17/turn               (no ring)
MPRegen 0.09/turn               (no ring)

@: tree-form
A: stationary, stasis, torment immunity, boosted hp, (nimble swimmer 2),
(mertail)
a: no special abilities


You were on level 2 of the Dungeon.
You were a tree.
You visited 1 branch of the dungeon, and saw 2 of its levels.

You collected 634 gold pieces.
You spent 364 gold pieces at shops.

Inventory:

Hand Weapons
 a - a +0 trident (weapon)
Missiles
 d - 3 throwing nets (quivered)
Armour
 b - a +0 leather armour (melded)
 c - a +0 helmet (melded)
Jewellery
 f - a ring of flight
Scrolls
 e - a scroll of blinking
 g - 4 scrolls of teleportation
 h - a scroll of immolation
 i - 2 scrolls of enchant weapon
 j - a scroll of identify
 l - a scroll of amnesia {unknown}
Potions
 k - a potion of lignification


   Skills:
 + Level 3.0 Fighting
 + Level 5.2 Polearms
 - Level 2.0 Throwing
 + Level 1.2 Armour
 + Level 4.7 Dodging


You had 3 spell levels left.
You didn't know any spells.
Your spell library was empty.

Dungeon Overview and Level Annotations

Branches:
Dungeon (2/15)

Altars:

Shops:
D:1 ?

Annotations:
D:2 Robin


Innate Abilities, Weirdness & Mutations

You are a tree.
Your roots penetrate the ground, keeping you stationary.
You cannot be teleported.
You are immune to unholy pain and torment.
Your maximum health is greatly increased.
Your equipment is partially melded.
((You are quick and stealthy near water. (Stealth+, EV+, Speed+++)))
((Your lower body shifts to a powerful aquatic tail in water.))


Message History

The goblin closely misses you.
Items here: ( ))) ††.
Unknown command.
Unknown command.
Unknown command.
Unknown command.
You hit the hobgoblin.
The hobgoblin is moderately wounded.
The hobgoblin barely misses you.
You closely miss the hobgoblin.
The hobgoblin is moderately wounded.
The hobgoblin closely misses you.
You barely miss the hobgoblin.
The hobgoblin is moderately wounded.
The hobgoblin completely misses you.
You hit the hobgoblin but do no damage.
The hobgoblin is moderately wounded.
The hobgoblin closely misses you. x2
You barely miss the hobgoblin.
The hobgoblin is moderately wounded.
Robin roars a battlecry!
The goblins go into a battle-frenzy!
The hobgoblin completely misses you.
You puncture the hobgoblin!
You kill the hobgoblin!
Robin throws the goblin at you! The goblin barely misses you.
You barely miss the goblin. The goblin misses you.
The goblin hits you with a +0 dagger.
You miss the goblin. The goblin misses you.
The goblin hits you with a +0 dagger.
* * * LOW HITPOINT WARNING * * *
You hit the goblin but do no damage. The goblin hits you with a +0 dagger.
* * * LOW HITPOINT WARNING * * *
The goblin barely misses you.
It was a potion of lignification.
You turn into a tree.
Your +0 helmet melds into your body.
Your +0 leather armour melds into your body.
Your roots penetrate the ground.
The goblin hits you but does no damage. The goblin hits you with a +0 dagger.
You die...

#............#.#
#............#.#
#............#.# ### .
####.........#.########.#
....####.......g.............
......÷.......gg##..#####...#
....####....#.#g###.### #.#.#
. #..###.#g# #.gg# #.#.## #
###.)###.#♣# ###g###.#..#.. #
##.....##.#g# #.#.g>.g.g.g
#.###..#.#..#.#.##
#.#.#..#....
#[....#..##......#
#gg...##..#. ####.##.##
#.#...#####g..##..... ##.##.#
#.#...........#..#..# #.....#
#....<..............# #.##..#
##....#.#............
##.##..# #..................#


You could see Robin, 2 hobgoblins and 3 goblins.

Vanquished Creatures
  3 adders (D:2)
  A ball python (D:2)
  2 bats (D:1)
  5 endoplasms (D:1)
  2 giant cockroaches (D:1)
  5 goblins
  4 hobgoblins
  3 jackals (D:2)
  2 kobolds (D:1)
  A quokka (D:2)
  A frilled lizard (D:1)
  7 rats
36 creatures vanquished.

Notes
Turn   | Place    | Note
-------+----------+-------------------------------------------
     0 | D:1      | Demosthentine the Merfolk Gladiator began the quest for the
                  | Orb.
     0 | D:1      | Reached XP level 1. HP: 16/16 MP: 1/1
   138 | D:1      | Reached XP level 2. HP: 15/23 MP: 2/2
   564 | D:1      | Found a faded altar of an unknown god.
   789 | D:1      | Reached XP level 3. HP: 28/28 MP: 3/3
   947 | D:1      | Found Xehodghy's Magic Scroll Boutique.
   955 | D:1      | Bought a scroll of teleportation for 42 gold pieces
   955 | D:1      | Bought a scroll of identify for 28 gold pieces
  1203 | D:1      | Identified a scroll of acquirement
  1203 | D:1      | Acquired 557 gold pieces
  1211 | D:1      | Bought a scroll of blinking for 105 gold pieces
  1211 | D:1      | Bought a scroll of enchant weapon for 105 gold pieces
  1211 | D:1      | Bought 2 scrolls of teleportation for 84 gold pieces
  1252 | D:2      | Reached skill level 1 in Armour
  1293 | D:2      | Reached skill level 5 in Polearms
  1564 | D:2      | Reached XP level 4. HP: 10/35 MP: 4/4
  1844 | D:2      | Noticed Robin
  1883 | D:2      | Slain by a goblin

Illustrated notes

Levels and vault maps discovered:
D:1:      dpeg_arrival_water_temple_mockup, layout_basic,
          hellmonk_ecumenical_altar_lost_god, serial_shops, shop_fountains
D:2:      layout_rooms, minmay_statues_item, uniq_robin

Skill      XL: |  1  2  3 |
---------------+----------+-----
Armour         | 1 |  1.2
Polearms       | 5 |  5.2
Fighting       | 3 |  3.0
Throwing       | |  2.0
Dodging        | |  4.7

Action                   |  1- 3 |  4- 6 || total
-------------------------+-------+-------++-------
Melee: Trident           |    93 |    21 ||   114
  Use: Scroll            |     3 |       ||     3
       Potion            |       |     1 ||     1
 Stab: Sleeping          |     4 |       ||     4
Armor: Leather armour    |    13 |    10 ||    23
       Skin              |       |     1 ||     1
Dodge: Dodged            |    39 |    18 ||    57

Table legend: (Time is in decaauts)
 A = Elapsed time spent in this place.
 B = Non-inter-level travel time spent in this place.
 C = Inter-level travel time spent in this place.
 D = Time resting spent in this place.
 E = Time spent auto-exploring this place.
 F = Levels seen in this place.
 G = Mean time per level.
                   A        B        C        D        E       F      G
               +--------+--------+--------+--------+--------+-----+--------+
         Total |   1890 |   1883 |      7 |    150 |   1478 |   2 |  945.0 |
       Dungeon |   1890 |   1883 |      7 |    150 |   1478 |   2 |  945.0 |
               +--------+--------+--------+--------+--------+-----+--------+

Top non-repeatable levels by time:
     D:1: 1222 daAuts
     D:2: 667 daAuts
